 Dungeon Crawl Stone Soup version 0.23.2-33-g5129a83184 (webtiles) character file.

Game seed: 3094870948168251484

4972 Gwenloh the Basher (level 10, -1/93 HPs)
             Began as a Minotaur Berserker on July 13, 2019.
             Was an Elder of Trog.
             Slain by Snorg (7 damage)
             ... on level 10 of the Dungeon.
             The game lasted 00:23:17 (7102 turns).

Gwenloh the Basher (Minotaur Berserker)             Turns: 7102, Time: 00:23:27

Health: -1/93      AC: 11    Str: 23    XL:     10   Next: 28%
Magic:  9/9        EV: 12    Int:  4    God:    Trog [****..]
Gold:   510        SH:  0    Dex: 12    Spells: 9/9 levels left

rFire    . . .     SeeInvis .   x - +5 morningstar (elec)
rCold    . . .     Gourm    +   (no shield)
rNeg     . . .     Faith    .   t - +0 chain mail
rPois    .         Spirit   .   (helmet restricted)
rElec    .         Reflect  .   v - scarf {repulsion}
rCorr    .         Harm     .   (no gloves)
MR       .....                  (no boots)
Stlth    ..........             y - amulet of the gourmand
HPRegen  0.25/turn              f - ring of stealth
MPRegen  0.11/turn              (no ring)

@: repel missiles
A: retaliatory headbutt, horns 2
a: Berserk, Trog's Hand, Brothers in Arms, Renounce Religion


You were on level 10 of the Dungeon.
You worshipped Trog.
Trog was greatly pleased with you.
You were completely stuffed.

You visited 1 branch of the dungeon, and saw 10 of its levels.

You collected 510 gold pieces.

Inventory:

Hand Weapons
 a - a +1 mace
 x - a +5 morningstar of electrocution (weapon)
Missiles
 d - 12 tomahawks
 n - 2 tomahawks of returning (quivered)
Armour
 k - a +0 scale mail
 t - a +0 chain mail (worn)
 v - a scarf of repulsion (worn)
Jewellery
 f - a ring of stealth (left hand)
 y - an amulet of the gourmand (around neck)
Wands
 b - a wand of flame (12)
 o - a wand of paralysis (8)
 r - a wand of iceblast (11)
Scrolls
 g - 3 scrolls of remove curse
 h - 2 scrolls of teleportation
 l - 3 scrolls of blinking
 p - 3 scrolls of identify
 s - a scroll of magic mapping
 z - a scroll of fog
Potions
 e - 3 potions of lignification
 i - 2 potions of agility
 j - 3 potions of curing
 m - 2 potions of might
 u - 2 potions of flight
 w - 2 potions of brilliance
Comestibles
 c - 21 rations


   Skills:
 + Level 9.8 Fighting
 + Level 9.9 Maces & Flails
 + Level 9.4 Armour
 + Level 8.6 Dodging


You had 9 spell levels left.
You didn't know any spells.
Your spell library was empty.

Dungeon Overview and Level Annotations

Branches:
Dungeon (10/15)            Temple (0/1) D:4
   Lair: D:8-11         Orc: D:9-12

Altars:
Cheibriados
Elyvilon
Gozag
Makhleb
Ru
Vehumet
Yredelemnul
Zin
The Shining One

Shops:
D:6 }

Annotations:
D:10 Snorg


Innate Abilities, Weirdness & Mutations

You reflexively headbutt those who attack you in melee.
You have a pair of horns on your head.


Message History

Snorg is severely wounded.
Snorg bites you but does no damage. Snorg closely misses you. Snorg claws you.
You puncture Snorg!
Snorg is severely wounded.
Snorg bites you!! Snorg closely misses you. Snorg claws you.
* * * LOW HITPOINT WARNING * * *
Snorg barely misses you. Snorg claws you.
* * * LOW HITPOINT WARNING * * *
Snorg claws you but does no damage.
You feel much better. Snorg bites you! Snorg claws you!
* * * LOW HITPOINT WARNING * * *
Snorg claws you!
* * * LOW HITPOINT WARNING * * *
You bludgeon Snorg!! Your headbutt misses Snorg.
Snorg is almost dead.
Snorg closely misses you. You furiously retaliate!
You headbutt Snorg! Snorg claws you.
* * * LOW HITPOINT WARNING * * *
Snorg claws you!
You die...

.........#........#.......
.........'........#.......
.........#........#.......
.........#........#.......
#+#####..#####....#....###
#......#............
#......#.>..........
#......#............
#......#..@.........
##########T#########
...............
..T............
...............
............J..
...............
....(..........
###############


You could see Snorg (berserk).

Vanquished Creatures
  A troll (D:9)
  Prince Ribbit (D:9)
  Sigmund (D:2)
  4 yaks (D:10)
  Eustachio (D:6)
  2 hungry ghosts
  A water moccasin (D:9)
  3 phantoms
  3 orc warriors (D:8)
  2 ice beasts (D:9)
  An eye of draining (D:9)
  5 ogres
  Blork the orc (D:4)
  3 bullfrogs
  3 scorpions
  9 wights
  3 crimson imps
  A bullfrog zombie (D:7)
  9 hounds
  5 orc priests
  3 centaur skeletons
  3 jellies
  4 orc wizards
  An iguana (D:4)
  4 worker ants
  3 hound zombies
  A worker ant zombie (D:9)
  10 gnolls
  8 adders
  4 shadow imps (D:9)
  An adder zombie (D:7)
  2 adder skeletons
  A worm (D:2)
  4 dart slugs
  3 leopard geckos
  30 orcs
  7 bats
  5 giant cockroaches
  4 goblins
  8 hobgoblins
  8 jackals
  3 kobolds
  3 quokkas
  7 frilled lizards
  7 rats
  A spectral orc (D:9)
194 creatures vanquished.

Notes
Turn   | Place    | Note
-------+----------+-------------------------------------------
     0 | D:1      | Gwenloh the Minotaur Berserker began the quest for the Orb.
     0 | D:1      | Reached XP level 1. HP: 19/19 MP: 0/0
   243 | D:1      | Reached XP level 2. HP: 27/27 MP: 1/1
   658 | D:2      | Reached ** piety under Trog
   658 | D:2      | Reached XP level 3. HP: 20/33 MP: 2/2
   680 | D:2      | Found a white marble altar of Elyvilon.
   840 | D:2      | Noticed Sigmund
   853 | D:2      | Killed Sigmund
   853 | D:2      | Reached skill level 5 in Fighting
   853 | D:2      | Reached skill level 5 in Maces & Flails
   853 | D:2      | Reached XP level 4. HP: 36/42 MP: 3/3
   853 | D:2      | Reached XP level 5. HP: 41/48 MP: 4/4
  1379 | D:2      | Reached XP level 6. HP: 51/56 MP: 5/5
  2407 | D:4      | Found a glowing golden altar of the Shining One.
  2498 | D:4      | Found a staircase to the Ecumenical Temple.
  2517 | D:4      | Reached XP level 7. HP: 59/62 MP: 6/6
  2522 | D:4      | Noticed Blork the orc
  2531 | D:4      | Killed Blork the orc
  2531 | D:4      | Reached skill level 5 in Armour
  3013 | D:5      | Entered Level 5 of the Dungeon
  3102 | D:5      | Reached skill level 5 in Dodging
  3388 | D:5      | Found a radiant altar of Vehumet.
  3389 | D:5      | Found a burning altar of Makhleb.
  3811 | D:5      | Reached XP level 8. HP: 70/71 MP: 7/7
  3915 | D:6      | Noticed Eustachio
  3919 | D:6      | Killed Eustachio
  4120 | D:6      | Found Gatt's Gadget Emporium.
  4383 | D:6      | Reached *** piety under Trog
  4393 | D:6      | Found an opulent altar of Gozag.
  4757 | D:7      | Found a sacrificial altar of Ru.
  5368 | D:8      | Reached XP level 9. HP: 79/81 MP: 8/8
  5856 | D:8      | Found a glowing silver altar of Zin.
  5856 | D:8      | Noticed an angel
  6091 | D:9      | Noticed a troll
  6098 | D:9      | Killed a troll
  6151 | D:9      | Noticed Prince Ribbit
  6158 | D:9      | Reached **** piety under Trog
  6173 | D:9      | Killed Prince Ribbit
  6330 | D:9      | Found a snail-covered altar of Cheibriados.
  6352 | D:9      | Reached XP level 10. HP: 91/91 MP: 9/9
  6445 | D:9      | Found a basalt altar of Yredelemnul.
  6610 | D:10     | Entered Level 10 of the Dungeon
  7042 | D:10     | Identified a scroll of acquirement
  7087 | D:10     | Noticed Snorg
  7102 | D:10     | Slain by Snorg

Skill      XL: |  1  2  3  4  5  6  7  8  9 |
---------------+----------------------------+-----
Maces & Flails | 4 5 6 8 9 |  9.9
Fighting       | 4 5 6 8 9 |  9.8
Armour         | 3 4 6 7 9 |  9.4
Dodging        | 3 4 5 6 8 |  8.6

Action                   |  1- 3 |  4- 6 |  7- 9 | 10-12 || total
-------------------------+-------+-------+-------+-------++-------
Melee: Mace              |    62 |    91 |   220 |       ||   373
       Headbutt          |     8 |    15 |    60 |     9 ||    92
       Morningstar       |       |       |   105 |    56 ||   161
Throw: Tomahawk          |       |       |     3 |       ||     3
Invok: Trog's Hand       |     1 |     2 |     7 |     1 ||    11
       Berserk           |     1 |     2 |     6 |     1 ||    10
  Use: Scroll            |     4 |     6 |    13 |     2 ||    25
       Potion            |       |       |       |     1 ||     1
 Stab: Sleeping          |       |     4 |       |       ||     4
  Eat: Chunk             |       |     9 |    24 |    17 ||    50
Armor: Leather armour    |    21 |     1 |       |       ||    22
       Animal skin       |     1 |       |       |       ||     1
       Scale mail        |       |    21 |    66 |       ||    87
       Chain mail        |       |       |    34 |    21 ||    55
Dodge: Dodged            |    47 |    55 |   196 |    40 ||   338
